 Dungeon Crawl Stone Soup version 0.31-a0-889-g1a8549509d (webtiles) character file.

Game seed: 3711380450880027561

3308 javelincjr the Mimic (level 9, -2/78 HPs)
             Began as a Minotaur Shapeshifter on Oct 16, 2023.
             Slain by Erica
             ... wielding a +0 scimitar of flaming
              (11 damage)
             ... on level 8 of the Dungeon.
             The game lasted 00:32:04 (9646 turns).

javelincjr the Mimic (Minotaur Shapeshifter)        Turns: 9646, Time: 00:32:05

Health: -2/78      AC:  6    Str: 23    XL:     9   Next: 70%
Magic:  8/8        EV: 12    Int:  7    God:
Gold:   1186       SH:  0    Dex:  8    Spells: 7/8 levels left

rFire   . .          .
                       - Unarmed
rCold   + + .        (shield currently unavailable)
rNeg    . . .        Q - +1 leather armour {rPois}
rPois   +            (helmet restricted)
rElec   .            B - +0 cloak
rCorr   .            (no gloves)
SInv    .            H - +0 pair of boots
Will    .....        z - amulet of the acrobat
Stlth   +            q - ring of protection from cold
HPRegen 0.33/turn    s - ring of flight
MPRegen 0.11/turn

%: acrobat
@: lethally poisoned (-2 -> -8), flux-form, flying, glowing
A: glow, contaminating, horns 2, retaliatory headbutt, clumsy 1, cold resistance
1
a: Begin Untransformation


You were on level 8 of the Dungeon.
You were something dangerously unstable.
You visited 2 branches of the dungeon, and saw 9 of its levels.
You also visited: Bailey.

You collected 1186 gold pieces.

Inventory:

Hand Weapons
 u - a +1 dagger of electrocution
 A - a +2 dagger of venom
 F - a +2 short sword of protection
Armour
 a - a +0 animal skin
 B - a +0 cloak (worn)
 C - a +0 buckler
 E - a +0 helmet
 H - a +0 pair of boots (worn)
 I - a +0 kite shield
 M - a +2 robe of willpower
 N - a +0 ring mail
 O - a +0 chain mail
 P - a +0 plate armour
 Q - a +1 leather armour of poison resistance (worn)
Jewellery
 q - a ring of protection from cold (left hand)
 s - a ring of flight (right hand)
 y - a ring of protection from fire
 z - an amulet of the acrobat (around neck)
 R - a +5 ring of evasion
Talismans
 c - a beast talisman
 d - a flux talisman (active)
 w - a blade talisman
Wands
 v - a wand of polymorph (2)
 L - a wand of paralysis (6)
Scrolls
 e - 2 scrolls of immolation {unknown}
 g - 2 scrolls of fog {unknown}
 h - 2 scrolls of identify
 i - 2 scrolls of revelation {unknown}
 n - a scroll of vulnerability {unknown}
 o - 5 scrolls of teleportation {unknown}
 p - 2 scrolls of poison
 r - a scroll of torment {unknown}
 x - a scroll of summoning {unknown}
 D - a scroll of noise {unknown}
 G - a scroll of enchant weapon {unknown}
Potions
 b - 2 potions of lignification
 f - 3 potions of haste
 j - a potion of curing
 k - 2 potions of brilliance
 l - 2 potions of degeneration
 m - 4 potions of attraction
 t - a potion of mutation
 J - 6 potions of enlightenment
 S - a potion of magic {unknown}
Miscellaneous
 K - a lightning rod (4/4)


   Skills:
 + Level 6.4 Fighting
 + Level 1.3 Armour
 + Level 5.4 Dodging
 + Level 6.1 Unarmed Combat
 * Level 8.7 Shapeshifting


You had 7 spell levels left.
You knew the following spells:

 Your Spells              Type           Power      Damage    Failure   Level
a - Foxfire               Conj/Fire      0%         2x1d4     47%         1

Your spell library contained the following spells:

 Spells                   Type           Power      Damage    Failure   Level
 Apportation              Tloc           0%         N/A       47%         1
 Necrotise                Necr           0%         1d4       47%         1
 Summon Small Mammal      Summ           0%         N/A       47%         1
 Lesser Beckoning         Tloc           0%         N/A       63%         2
 Scorch                   Fire           0%         2d5       63%         2
 Gell's Gravitas          Tloc           0%         N/A       85%         3
 Teleport Other           Tloc           0%         N/A       85%         3
 Flame Wave               Conj/Fire      0%         2d4       99%         4
 Plasma Beam              Fire/Air       0%         2x1d10    100%        6
 Starburst                Conj/Fire      0%         6d3       100%        6
 Summon Cactus Giant      Summ           0%         N/A       100%        6


Dungeon Overview and Level Annotations

Branches:
Dungeon (8/15)             Temple (1/1) D:4            Lair (0/5) D:8
 Bailey (visited)

Altars:
Dithmenos
Elyvilon
Fedhas
Gozag
Hepliaklqana
Nemelex Xobeh
Okawaru
Qazlal
Ru
Uskayaw
Vehumet
Wu Jian
Xom
Yredelemnul
Zin

Shops:
D:4 *

Annotations:
D:7 1 runed translucent door, exclusion: 4 orange crystal statues
D:8 Erica


Innate Abilities, Weirdness & Mutations

You are something dangerously unstable.
You glow with magical radiation, making you easy to see and hit.
Foes you strike become dangerously contaminated with magical radiation.
You are incapable of wielding weapons or throwing items.
You have a pair of horns on your head.
You reflexively headbutt those who attack you in melee.
You are clumsy. (Dex -2)
Your flesh is cold resistant. (rC+)


Message History

Erica is moderately wounded.
Erica hits you with a +0 scimitar of flaming.
Erica burns you.
You punch Erica!
Erica shudders as magic cascades through her.
Erica twists and deforms.
Erica is heavily wounded.
Erica gestures wildly while chanting.
Erica flickers and vanishes!
Deactivating autopickup; reactivate with Ctrl-A.
You punch something!
Erica begins to glow.
You headbutt Erica.
Erica is severely wounded.
You punch Erica!
Erica glows dangerously bright.
You headbutt Erica, but do no damage.
Erica is severely wounded.
Erica hits you with a +0 scimitar of flaming.
Erica burns you.
You hit Erica.
Erica shudders as magic cascades through her!
Erica twists and deforms.
Your headbutt misses something. Something hits you! Something burns you.
You miss something. Something hits you. Something burns you.
You barely miss something.
You hear some strange, mumbled words.
Something tries to affect you, but you resist.
You miss something. Your headbutt misses something.
Something hits you but does no damage.
You closely miss something. You headbutt something. Something hits you!
* * * LOW HITPOINT WARNING * * *
Something burns you.
* * * LOW HITPOINT WARNING * * *
You closely miss something. Your headbutt misses something.
You hear some strange, mumbled words.
A bolt of poison appears from out of thin air!
The bolt of poison hits you!
You are poisoned.
You resist.
* * * LOW HITPOINT WARNING * * *
You closely miss something.
You feel sick. Something hits you!
You die...

#....................>.#....
#........................#..
#........((.#...........##..
#.........).............##..
##.....)(..........)..##..
#.≈≈≈≈≈≈..#......)∩).....
#.≈≈##≈≈.<#.......)...#..
#.≈####≈.{..............# #####
#.≈####≈p..............## ....#
#.≈≈##≈≈...............# ...>#
#.≈≈≈≈≈≈.....<..≈≈≈≈≈≈.# ....#
##.............#.≈≈##≈≈.#
....####.............##.≈####≈..#
......)).########....##.≈# ≈...
....#############....#..≈≈ ...
...))...................≈≈≈ ..
....#############....##.....


There were no monsters in sight!

Vanquished Creatures
  An orc knight (Bailey)
  A shadow (D:7)
  8 orc warriors
  2 sky beasts (D:7)
  A black bear (D:4)
  A centaur (D:8)
  2 kobold brigands
  4 bullfrogs (D:7)
  3 scorpions
  4 wights
  3 hounds
  5 jellies
  A gnoll bouda (D:7)
  An orc priest (D:8)
  2 iguanas (D:7)
  3 orc wizards
  Robin (D:2)
  10 gnolls
  8 adders
  3 shadow imps
  2 ufetubi (D:7)
  2 worms
  2 dart slugs (D:3)
  21 orcs
  8 bats
  9 endoplasms
  6 giant cockroaches
  16 goblins
  11 hobgoblins
  29 kobolds
  5 quokkas
  9 ball pythons
  3 frilled lizards
  10 rats
197 creatures vanquished.

Vanquished Creatures (others)
  An orc wizard (D:8)
1 creature vanquished.

Grand Total: 198 creatures vanquished

Notes
Turn   | Place    | Note
-------+----------+-------------------------------------------
     0 | D:1      | javelincjr the Minotaur Shapeshifter began the quest for
                  | the Orb.
     0 | D:1      | Reached XP level 1. HP: 16/16 MP: 0/0
   102 | D:1      | Reached XP level 2. HP: 23/23 MP: 1/1
   899 | D:1      | Reached XP level 3. HP: 16/29 MP: 2/2
   971 | D:2      | Reached skill level 3 in Shapeshifting
  1069 | D:2      | Reached XP level 4. HP: 21/37 MP: 3/3
  1346 | D:2      | Noticed a scorpion
  1558 | D:2      | Killed a scorpion
  1559 | D:2      | Reached XP level 5. HP: 22/45 MP: 4/4
  1881 | D:2      | Noticed Robin
  1895 | D:2      | Killed Robin
  2254 | D:3      | Reached skill level 4 in Shapeshifting
  2423 | D:3      | Found a faded altar of an unknown god.
  2426 | D:3      | Found a shadowy altar of Dithmenos.
  3194 | D:4      | Found Zivesm's Lightly-Used Armoury.
  3338 | D:4      | Reached XP level 6. HP: 51/51 MP: 5/5
  3673 | D:4      | Reached skill level 5 in Shapeshifting
  3694 | D:4      | Learned a level 1 spell: Foxfire
  3851 | D:4      | Found a staircase to the Ecumenical Temple.
  3860 | Temple   | Entered the Ecumenical Temple
  3955 | D:5      | Entered Level 5 of the Dungeon
  4118 | D:5      | Reached XP level 7. HP: 32/57 MP: 6/6
  4883 | D:6      | Reached skill level 6 in Shapeshifting
  5928 | D:7      | Found a runed translucent door.
  6150 | D:7      | Reached skill level 7 in Shapeshifting
  6327 | D:6      | Reached XP level 8. HP: 36/63 MP: 7/7
  6770 | D:7      | Found the +10 tower shield of Ignorance {rN+ Int-4}
  6778 | D:7      | Found a runed translucent door.
  6785 | D:7      | Noticed an orange crystal statue
  7815 | D:7      | Noticed an orange crystal statue
  7815 | D:7      | Noticed an orange crystal statue
  7815 | D:7      | Noticed an orange crystal statue
  8174 | D:7      | Reached skill level 5 in Fighting
  8488 | D:8      | Found a flagged portal.
  8497 | Bailey   | Entered a bailey
  8514 | Bailey   | Noticed an orc knight
  8575 | Bailey   | Reached skill level 5 in Unarmed Combat
  8575 | Bailey   | Reached skill level 8 in Shapeshifting
  8575 | Bailey   | Reached XP level 9. HP: 39/74 MP: 8/8
  8746 | Bailey   | Killed an orc knight
  8912 | Bailey   | Reached skill level 5 in Dodging
  9137 | D:8      | Found a staircase to the Lair.
  9278 | D:8      | Gained mutation: You are clumsy. (Dex -2) [potion of
                  | mutation]
  9278 | D:8      | Gained mutation: Your flesh is cold resistant. (rC+)
                  | [potion of mutation]
  9287 | D:8      | Reached skill level 1 in Armour
  9519 | D:8      | Noticed Erica
  9646 | D:8      | Slain by Erica

Illustrated notes

Levels and vault maps discovered:
D:1:      erik_arrival_cave_to_civilisation [erik_arrival_cave_to_hall],
          layout_basic
D:2:      layout_basic, st_stairs_13, uniq_robin
D:3:      minmay_razor_zed, layout_loops_cross, mainiacjoe_overflow_alcove_1,
          dreamdust_ecumenical_altar_statues, supply_closet_lemuel
D:4:      minmay_wonky_spiral, layout_loops_ring, minmay_temple_entry_poolview,
          minmay_misc_feat_pillars, minmay_shop_damaged,
          nicolae_concentric_dashed_squares_wild
D:5:      layout_basic, hangedman_decor_slide_cut
D:6:      layout_gridville
D:7:      layout_rooms, roderic_serpentine_path, grunt_ministairs_10,
          nrook_uturn, chequers_guarded_unrand_ignorance
D:8:      nicolae_moon_pools, layout_rooms,
          nicolae_overflow_hallway_of_the_gods, enter_bailey_2, uniq_erica
Temple:   compressed_dpeg_circular_temple

Skill      XL: |  1  2  3  4  5  6  7  8  9 |
---------------+----------------------------+-----
Fighting       | 2 3 5 6 |  6.4
Shapeshifting  | 3 4 5 7 8 |  8.7
Dodging        | 4 5 |  5.4
Unarmed Combat | 5 6 |  6.1
Armour         | 1 |  1.3

Action                     |  1- 3 |  4- 6 |  7- 9 || total
---------------------------+-------+-------+-------++-------
  Melee: Unarmed           |    55 |   166 |   381 ||   602
         Headbutt          |     9 |    29 |    71 ||   109
         Punch             |       |     2 |       ||     2
  Evoke: Lightning rod     |       |       |     4 ||     4
    Use: Scroll            |       |       |     6 ||     6
         Potion            |       |       |     4 ||     4
   Stab: Sleeping          |       |     2 |       ||     2
 Armour: Animal skin       |    28 |    69 |   140 ||   237
         Leather armour    |       |       |    44 ||    44
         Robe              |       |       |    27 ||    27
  Dodge: Dodged            |    23 |   103 |   250 ||   376
   Form: Flux              |       |     1 |       ||     1

Table legend: (Time is in decaauts)
 A = Elapsed time spent in this place.
 B = Non-inter-level travel time spent in this place.
 C = Inter-level travel time spent in this place.
 D = Time resting spent in this place.
 E = Time spent auto-exploring this place.
 F = Levels seen in this place.
 G = Mean time per level.
                   A        B        C        D        E       F      G
               +--------+--------+--------+--------+--------+-----+--------+
         Total |   9590 |   9111 |    479 |   1361 |   5819 |  10 |  959.0 |
       Dungeon |   8920 |   8500 |    420 |   1228 |   5708 |   8 | 1115.0 |
        Temple |     66 |      7 |     59 |      0 |      0 |   1 |   66.0 |
        Bailey |    603 |    603 |      0 |    133 |    111 |   1 |  603.0 |
               +--------+--------+--------+--------+--------+-----+--------+

Top non-repeatable levels by time:
     D:7: 1967 daAuts
     D:6: 1644 daAuts
     D:2: 1139 daAuts
     D:3: 1079 daAuts
     D:1: 929 daAuts
     D:5: 827 daAuts
     D:4: 725 daAuts
     D:8: 606 daAuts
  Bailey: 603 daAuts
  Temple: 66 daAuts
